 Dungeon Crawl Stone Soup version 0.26-a0-658-gbdda728c12 (webtiles) character file.

Game seed: 4203397687637830803

376 tacoguy the Conjurer (level 6, -3/32 HPs)
             Began as a Deep Elf Conjurer on Oct 4, 2020.
             Was an Initiate of Ru.
             Slain by a scorpion (5 damage)
             ... on level 5 of the Dungeon.
             The game lasted 00:19:41 (4839 turns).

tacoguy the Conjurer (Deep Elf Conjurer)            Turns: 4839, Time: 00:19:41

Health: -3/32      AC:  6    Str:  2 (4)  XL:     6   Next: 44%
Magic:  2/17       EV: 12    Int: 24 (25) God:    Ru [......]
Gold:   288        SH:  0    Dex: 12 (13) Spells: 7/18 levels left

rFire    + + .     SeeInvis .   c - staff of fire (curse)
rCold    . . .     Faith    .   (no shield)
rNeg     . . .     Spirit   .   a - +0 robe
rPois    +         Reflect  .   d - +2 helmet
rElec    .         Harm     .   (no cloak)
rCorr    .         Rampage  .   o - +0 pair of gloves
MR       .....                  (no boots)
Stlth    ++........             (no amulet)
HPRegen  0.10/turn              j - ring of protection from fire
MPRegen  0.15/turn              m - ring of poison resistance

@: lethally poisoned (-3 -> -7)
A: no striking features
a: Renounce Religion


You were on level 5 of the Dungeon.
You worshipped Ru.
Ru was noncommittal.
You visited 1 branch of the dungeon, and saw 5 of its levels.

You collected 288 gold pieces.

Inventory:

Hand Weapons
 f - a +1 short sword of protection
Armour
 a - a +0 robe (worn)
 d - a +2 helmet (worn)
 o - a +0 pair of gloves (worn)
Magical Staves
 c - a cursed staff of fire (weapon)
Jewellery
 j - a ring of protection from fire (left hand)
 m - a ring of poison resistance (right hand)
 r - an uncursed ring of flight
Wands
 l - a wand of flame (20)
Scrolls
 g - a scroll of magic mapping
 n - a scroll of blinking
 p - a scroll of fog {unknown}
 q - a scroll of amnesia {unknown}
 t - a scroll of enchant weapon
Potions
 b - a potion of might
 e - 3 potions of invisibility
 h - a potion of haste
 k - a potion of lignification {unknown}
 s - a potion of heal wounds {unknown}


   Skills:
 - Level 2.4 Dodging
 - Level 2.4 Stealth
 + Level 6.7 Spellcasting
 + Level 6.8 Conjurations


You had 7 spell levels left.
You knew the following spells:

 Your Spells              Type           Power        Failure   Level
a - Magic Dart            Conj           ####         1%          1
b - Searing Ray           Conj           #####.       1%          2
c - Fulminant Prism       Conj/Hex       ###.......   19%         4
d - Iskenderun's Mystic   Conj/Tloc      ###.....     19%         4

Your spell library contained the following spells:

 Spells                   Type           Power        Failure   Level
 Dazzling Flash           Conj/Hex       ###...       5%          3


Dungeon Overview and Level Annotations

Branches:
Dungeon (5/15)
 Temple: D:4-7

Altars:
Dithmenos
Gozag
Ru
Sif Muna
Uskayaw
Xom

Shops:
D:4 [


Message History

The scorpion stings you!
You are poisoned.
The scorpion poisons you!
You feel sick. The scorpion stings you.
You feel sick.
You feel sick.
You feel sick.
You feel sick.
You feel sick.
You feel sick. The scorpion closely misses you.
You feel sick. The scorpion stings you!
* * * LOW HITPOINT WARNING * * *
* * * LOW HITPOINT WARNING * * *
You feel sick.
It was a potion of degeneration.
There was something very wrong with that liquid.
You feel weakened.
You feel dopey.
You feel clumsy.
* * * LOW HITPOINT WARNING * * *
You feel sick. The scorpion stings you.
You die...

####........#
#####...........######
#...#.................
+......[..............
#..................)))
#..............##########
#.......................#
#......######†######....#
#......#.....@.....#....#
#......#.####s####.##...#
#......#.#.......#.#<...#
#...)..#.#.##.##.#.##...#
####...#.#.#...#.#.##...#
#..........._..........#
#.....#.#.#...#.#.#....+
#.....#.#.##.##.#.##...#
#.....#.#.......#.##...#


You could see a scorpion.

Vanquished Creatures
  An ogre (D:5)
  A scorpion (D:4)
  A hound (D:5)
  Jessica (D:3)
  2 orc wizards (D:3)
  4 adders
  An ooze (D:3)
  4 worms
  A dart slug (D:1)
  2 leopard geckos
  10 orcs
  A ball python (D:1)
  4 giant cockroaches
  5 goblins
  12 hobgoblins
  A quokka (D:2)
  6 bats
  6 frilled lizards
  A jackal skeleton (D:4)
  6 kobolds
  7 rats
77 creatures vanquished.

Vanquished Creatures (others)
  11 fulminant prisms
11 creatures vanquished.

Grand Total: 88 creatures vanquished

Notes
Turn   | Place    | Note
-------+----------+-------------------------------------------
     0 | D:1      | tacoguy the Deep Elf Conjurer began the quest for the Orb.
     0 | D:1      | Reached XP level 1. HP: 10/10 MP: 6/6
   237 | D:1      | Reached XP level 2. HP: 15/15 MP: 1/8
   541 | D:1      | Learned a level 2 spell: Searing Ray
   923 | D:1      | Reached skill level 5 in Conjurations
  1288 | D:1      | Reached XP level 3. HP: 19/19 MP: 7/10
  1738 | D:2      | Noticed a +0 hand axe
  1738 | D:2      | Noticed a +0 dagger
  1741 | D:2      | Found a hide-covered altar of Uskayaw.
  2357 | D:3      | Reached XP level 4. HP: 24/24 MP: 9/12
  2392 | D:3      | Learned a level 4 spell: Fulminant Prism
  2397 | D:3      | Learned a level 4 spell: Iskenderun's Mystic Blast
  2475 | D:3      | Reached skill level 5 in Spellcasting
  2745 | D:3      | Noticed Jessica
  2748 | D:3      | Killed Jessica
  2748 | D:3      | Reached XP level 5. HP: 28/28 MP: 9/14
  3883 | D:4      | Found Daudak's Antique Armour Emporium.
  4272 | D:4      | Found a shimmering blue altar of Sif Muna.
  4274 | D:4      | Found a shadowy altar of Dithmenos.
  4274 | D:4      | Found a shimmering altar of Xom.
  4275 | D:4      | Found an opulent altar of Gozag.
  4693 | D:5      | Entered Level 5 of the Dungeon
  4700 | D:5      | Found a sacrificial altar of Ru.
  4730 | D:5      | Reached XP level 6. HP: 32/32 MP: 13/17
  4761 | D:5      | Became a worshipper of Ru the Awakened
  4839 | D:5      | Slain by a scorpion

Illustrated notes

Levels and vault maps discovered:
D:1:      lightli_arrival_farm, layout_loops_ring,
          wander_ebering_terrifying_dragon_lair
D:2:      layout_rooms, dancing_weapons_uskayaw
D:3:      layout_loops_ring, kennysheep_generic_room_12, uniq_jessica
D:4:      layout_basic, chequers_temple_overflow_statue_of_worship,
          serial_shops, nicolae_shop_behind_doors, minmay_goblin_kobold_house
D:5:      layout_basic, nicolae_ru_sacrificial_ziggurat,
          ebering_ghost_reflecting_pool, uniq_duvessa

Skill      XL: |  1  2  3  4  5 |
---------------+----------------+-----
Conjurations   | 5 6 |  6.8
Spellcasting   | 4 5 6 |  6.7
Dodging        | |  2.4
Stealth        | |  2.4

Action                   |  1- 3 |  4- 6 || total
-------------------------+-------+-------++-------
Melee: Unarmed           |     6 |       ||     6
       Staff             |       |     1 ||     1
 Cast: Magic Dart        |    69 |    21 ||    90
       Searing Ray       |    16 |    15 ||    31
       Fulminant Prism   |       |    11 ||    11
       Iskenderun's Myst |       |     1 ||     1
  Use: Scroll            |     4 |     9 ||    13
       Potion            |       |     1 ||     1
Armor: Robe              |     2 |     1 ||     3
Dodge: Dodged            |    13 |     9 ||    22

Table legend: (Time is in decaauts)
 A = Elapsed time spent in this place.
 B = Non-inter-level travel time spent in this place.
 C = Inter-level travel time spent in this place.
 D = Time resting spent in this place.
 E = Time spent auto-exploring this place.
 F = Levels seen in this place.
 G = Mean time per level.
                   A        B        C        D        E       F      G
               +--------+--------+--------+--------+--------+-----+--------+
         Total |   4860 |   4442 |    418 |   1665 |   2245 |   5 |  972.0 |
       Dungeon |   4860 |   4442 |    418 |   1665 |   2245 |   5 |  972.0 |
               +--------+--------+--------+--------+--------+-----+--------+

Top non-repeatable levels by time:
     D:3: 1524 daAuts
     D:1: 1455 daAuts
     D:4: 943 daAuts
     D:2: 791 daAuts
     D:5: 146 daAuts
